 Dungeon Crawl Stone Soup version 0.29-a0-732-g3d7fbe0af2 (webtiles) character file.

Game seed: 14006647174335989711

4 zeratav the Sneak (level 1, -1/11 HPs)
             Began as a Vine Stalker Brigand on June 29, 2022.
             Slain by a goblin
             ... wielding a +0 dagger
              (3 damage)
             ... on level 1 of the Dungeon.
             The game lasted 00:00:06 (25 turns).

zeratav the Sneak (Vine Stalker Brigand)              Turns: 25, Time: 00:00:07

Health: -1/11      AC:  3    Str: 13    XL:     1   Next: 60%
Magic:  0/2        EV: 11    Int: 11    God:
Gold:   0          SH:  0    Dex: 15    Spells: 0/0 levels left

rFire   . . .      SeeInvis .   a - +2 dagger {short}
rCold   . . .      Faith    .   (no shield)
rNeg    . . .      Spirit   +   b - +0 robe
rPois   .          Reflect  .   (no helmet)
rElec   .          Harm     .   c - +0 cloak
rCorr   .          Rampage  .   (no gloves)
Will    .....                   (no boots)
Stlth   +++.......              (no amulet)
HPRegen 0.03/turn               (no ring)
MPRegen 0.08/turn               (no ring)

@: no status effects
A: fangs 2, magic shield, antimagic bite, no potion heal 2
a: no special abilities


You were on level 1 of the Dungeon.
You visited 1 branch of the dungeon, and saw 1 of its levels.


Innate Abilities, Weirdness & Mutations

You have extremely sharp teeth.
When hurt, damage is shared between your health and your magic reserves.
Your bite disrupts and absorbs the magic of your enemies.
Potions cannot restore your health.


   Skills:
 - Level 1.7 Fighting
 + Level 2.1 Short Blades
 - Level 1.7 Throwing
 - Level 0.7 Dodging
 - Level 4.8 Stealth


You couldn't memorise any spells.
You didn't know any spells.
Your spell library was empty.

Inventory:

Hand Weapons
 a - a +2 dagger (weapon) {short}
Missiles
 d - 9 poisoned darts (quivered) {throwing}
 e - 3 curare-tipped darts {=fthrowing}
Armour
 b - a +0 robe (worn)
 c - a +0 cloak (worn)

Dungeon Overview and Level Annotations

Branches:
Dungeon (1/15) Zot: 5975

Altars:

# . .# ##
###############.##...
#.............#......
#.<........##...#....
#.............)......
####.>.#####†@g......
#...# #.........
##### ####......
#..... ..... ....
.... ...


You could see a goblin.


Message History

🤖 Initializing magus.rc ...
Bad channel name for runrest: 'pray:' ✅ Successfully initialized magus.rc [v1.9.6] Welcome, zeratav the Vine Stalker Brigand.
Below lies the Orb of Zot, rumoured to be powerful enough to resurrect a god...
Press ? for a list of commands and other information.
Found an escape hatch in the floor.
Found a staircase leading out of the dungeon.
A goblin comes into view. It is wielding a +0 club.
The goblin shouts!
You hear an angry hiss.
You hear a shout!
A goblin is nearby!
A kobold and a bat come into view.
The kobold shouts!
You hear a shout!
The bat moves out of view.
A frilled lizard comes into view.
The goblin barely misses you.
You hit the goblin. Your bite misses the goblin.
The goblin hits you but does no damage.
You hit the goblin.
You kill the goblin!
The bat barely misses you.
You hit the bat. The bat barely misses you.
You hit the bat. The bat hits you but does no damage.
The kobold throws a stone.
The stone hits you but does no damage. The frilled lizard barely misses you.
You hit the frilled lizard.
You kill the frilled lizard!
Your Short Blades skill increases to level 2!
You hit the bat but do no damage. The bat hits you but does no damage.
A goblin comes into view. It is wielding a +0 dagger.
The kobold closely misses you.
You completely miss the bat. Your bite misses the bat.
The bat hits you but does no damage. The bat barely misses you.
The kobold barely misses you. The bat hits you but does no damage.
You hit the bat.
You kill the bat!
The kobold hits you with a +0 club.
HP[-3]
You take 3 damage, and now have 8/11 hp.
MASSIVE DAMAGE!! (PAUSE)
You hit the kobold but do no damage. You bite the kobold. You drain its power.
The kobold hits you with a +0 club.
HP[-1] MP[-1]
You take 1 damage, and now have 7/11 hp.
You lost 1 mp, and now have 1/2 mp.
You hit the kobold. The kobold hits you with a +0 club.
HP[-1] MP[-1]
You take 1 damage, and now have 6/11 hp.
You lost 1 mp, and now have 0/2 mp.
You closely miss the kobold. The goblin barely misses you.
The kobold hits you with a +0 club.
* * * LOW HITPOINT WARNING * * *
You are too injured to fight recklessly!
HP[-1]
You take 1 damage, and now have 5/11 hp.
You are too injured to fight recklessly!
You are too injured to fight recklessly!
You are too injured to fight recklessly!
You are too injured to fight recklessly!
You are too injured to fight recklessly!
You are too injured to fight recklessly!
You are too injured to fight recklessly!
You are too injured to fight recklessly!
You are too injured to fight recklessly!
You are too injured to fight recklessly!
You are too injured to fight recklessly!
You are too injured to fight recklessly!
You are too injured to fight recklessly!
You are too injured to fight recklessly!
You are too injured to fight recklessly!
You hit the kobold.
You kill the kobold!
The goblin hits you with a +0 dagger.
* * * LOW HITPOINT WARNING * * *
Things that are here:
a +0 club {mace}; 4 stones {throwing}; a kobold corpse HP[-3]
You take 3 damage, and now have 2/11 hp.
MASSIVE DAMAGE!! (PAUSE)
You barely miss the goblin. Your bite misses the goblin.
The goblin closely misses you.
You barely miss the goblin. The goblin hits you with a +0 dagger.
You die...

Skill      XL: |  1 |
---------------+----+-----
Short Blades   | 2 |  2.1
Fighting       | |  1.7
Throwing       | |  1.7
Dodging        | |  0.7
Stealth        | |  4.8

Action                   || total
-------------------------++-------
Melee: Dagger            ||    14
       Bite              ||     1
Armor: Robe              ||     6
Dodge: Dodged            ||     9

Levels and vault maps discovered:
D:1:      amcnicky_arrival_blooded_trapdoor, layout_rooms

Notes
Turn   | Place    | Note
-------+----------+-------------------------------------------
     0 | D:1      | zeratav the Vine Stalker Brigand began the quest for the
                  | Orb.
     0 | D:1      | Reached XP level 1. HP: 11/11 MP: 2/2
     0 | D:1      | magus.rc [v1.9.6]
    16 | D:1      | Reached skill level 2 in Short Blades
    23 | D:1      | HP: 2/11 [goblin/+0 dagger (3)]
    25 | D:1      | Slain by a goblin

Vanquished Creatures
  A bat (D:1)
  A goblin (D:1)
  A frilled lizard (D:1)
  A kobold (D:1)
4 creatures vanquished.

Table legend:
 A = Non-vault XP
 B = Vault XP
 C = Vault XP percentage of total XP
 D = Non-vault monster count
 E = Vault monster count
 F = Vault count percentage of total count
                 A         B        C        D         E       F
            +---------+---------+-------+---------+---------+-------
      Total |       6 |       0 |   0.0 |       4 |       0 |   0.0
            +---------+---------+-------+---------+---------+-------
        D:1 |       6 |       0 |   0.0 |       4 |       0 |   0.0
            +---------+---------+-------+---------+---------+-------

Illustrated notes

Table legend:
 A = Kills in this place as a percentage of kills in entire the game.
 B = Kills by you in this place as a percentage of kills by you in the entire game.
 C = Kills by friends in this place as a percentage of kills by friends in the entire game.
 D = Other kills in this place as a percentage of other kills in the entire game.
 E = Experience gained in this place as a percentage of experience gained in the entire game.
 F = Experience gained in this place divided by the number of levels of this place that you have seen.
                   A       B       C       D       E      F
               +-------+-------+-------+-------+-------+----------------------
         Total | 100.0 | 100.0 |   N/A |   N/A | 100.0 |   6.0
       Dungeon | 100.0 | 100.0 |   N/A |   N/A | 100.0 |   6.0
               +-------+-------+-------+-------+-------+----------------------

Table legend: (Time is in decaauts)
 A = Elapsed time spent in this place.
 B = Non-inter-level travel time spent in this place.
 C = Inter-level travel time spent in this place.
 D = Time resting spent in this place.
 E = Time spent auto-exploring this place.
 F = Levels seen in this place.
 G = Mean time per level.
                   A        B        C        D        E       F      G
               +--------+--------+--------+--------+--------+-----+--------+
         Total |     23 |     23 |      0 |      0 |      7 |   1 |   23.0 |
       Dungeon |     23 |     23 |      0 |      0 |      7 |   1 |   23.0 |
               +--------+--------+--------+--------+--------+-----+--------+

Top non-repeatable levels by time:
     D:1: 23 daAuts
